 Dungeon Crawl Stone Soup version 0.30-a0-715-gdb4ae3ece1 (webtiles) character file.

Game seed: 3441356538137166321

4487 warriortoast the Covert (level 10, -14/55 HPs)
             Began as a Spriggan Hunter on Jan 24, 2023.
             Was an Elder of Okawaru.
             Demolished by Erica
             ... wielding a +3 scimitar of flaming
              (18 damage)
             ... on level 9 of the Dungeon.
             The game lasted 00:22:40 (9030 turns).

warriortoast the Covert (Spriggan Hunter)           Turns: 9030, Time: 00:22:41

Health: -14/55     AC:  2    Str: 11    XL:     10   Next: 16%
Magic:  14/15      EV: 24    Int: 10    God:    Okawaru [****..]
Gold:   516        SH:  0    Dex: 22    Spells: 9/9 levels left

rFire   + . .      SeeInvis +    a - +1 shortbow
rCold   . . .      Faith    .    (shield currently unavailable)
rNeg    . . .      Spirit   .    c - +0 robe
rPois   .          Reflect  .    (helmet restricted)
rElec   .          Harm     .    (no cloak)
rCorr   .          Rampage  .    (gloves unavailable)
Will    +....                    (boots unavailable)
Stlth   ++++++                   E - amulet "Hoyd" {Regen+ Str+4 Dex-2 Slay+3}
HPRegen 1.09/turn                k - ring of protection from fire
MPRegen 0.14/turn                (no ring)

@: heroic, very quick
A: very small, no large weapons, unfitting armour, see invisible, speed 3
a: Renounce Religion, Heroism, Finesse


You were on level 9 of the Dungeon.
You worshipped Okawaru.
Okawaru was greatly pleased with you.
You visited 1 branch of the dungeon, and saw 9 of its levels.

You collected 516 gold pieces.

Inventory:

Hand Weapons
 a - a +1 shortbow (weapon)
Missiles
 s - 2 throwing nets
Armour
 c - a +0 robe (worn)
Jewellery
 g - a ring of ice
 h - a ring of wizardry
 k - a ring of protection from fire (left hand)
 l - an amulet of faith
 u - a ring of magical power
 v - a ring of ice
 x - an amulet of reflection
 E - the amulet "Hoyd" (around neck) {Regen+ Str+4 Dex-2 Slay+3}
   (You found it on level 7 of the Dungeon)

   [amulet of regeneration]

   Str:       It affects your strength (+4).
   Dex:       It affects your dexterity (-2).
   Slay:      It affects your accuracy & damage with ranged weapons and melee
   (+3).
   Regen:     It increases your rate of health regeneration.
 H - the ring "Ejaxah" {Str+6 Dex+4}
   (You found it on level 8 of the Dungeon)

   [ring of strength]

   Str:       It affects your strength (+6).
   Dex:       It affects your dexterity (+4).
Wands
 d - a wand of polymorph (11)
 K - a wand of flame (10)
Scrolls
 b - 5 scrolls of immolation
 o - a scroll of acquirement {unknown}
 q - 2 scrolls of teleportation
 t - 2 scrolls of poison {unknown}
 w - 2 scrolls of vulnerability {unknown}
 y - a scroll of brand weapon {unknown}
 z - a scroll of amnesia {unknown}
 B - a scroll of noise {unknown}
 C - a scroll of enchant weapon
 D - 2 scrolls of fog {unknown}
 I - a scroll of identify
 J - a scroll of silence {unknown}
Potions
 e - a potion of curing
 f - 2 potions of haste
 i - 4 potions of heal wounds
 j - a potion of might
 m - 2 potions of resistance
 n - a potion of brilliance {unknown}
 p - 2 potions of invisibility
 r - 2 potions of mutation {unknown}
 A - a potion of degeneration {unknown}
 F - a potion of cancellation {unknown}
 G - a potion of lignification {unknown}


   Skills:
 + Level 7.2(12.2) Fighting
 + Level 9.4(14.4) Ranged Weapons
 + Level 3.6(8.6) Dodging
 - Level 10.0(15.0) Stealth
 + Level 5.7 Invocations


You had 9 spell levels left.
You didn't know any spells.
Your spell library contained the following spells:

 Spells                   Type           Power      Damage    Failure   Level
 Magic Dart               Conj           0%         1d3       36%         1
 Sting                    Tmut/Pois      0%         1d3       36%         1
 Poisonous Vapours        Pois/Air       0%         N/A       50%         2
 Searing Ray              Conj           0%         2d4       50%         2
 Sublimation of Blood     Necr           0%         N/A       50%         2
 Dazzling Flash           Conj/Hex       0%         N/A       75%         3
 Portal Projectile        Hex/Tloc       0%         N/A       75%         3
 Fulminant Prism          Conj/Hex       0%         3d5       98%         4
 Leda's Liquefaction      Hex/Erth       0%         N/A       98%         4
 Olgreb's Toxic Radiance  Pois           0%         N/A       98%         4
 Petrify                  Tmut/Erth      0%         N/A       98%         4
 Agony                    Necr           0%         N/A       100%        5
 Irradiate                Conj/Tmut      0%         3d11      100%        5
 Silence                  Hex/Air        0%         N/A       100%        5
 Ozocubu's Refrigeration  Ice            0%         4d7       100%        7
 Ignition                 Fire           0%         3d3       100%        8
 Call Canine Familiar     Summ           Unusable   N/A       N/A         3

Dungeon Overview and Level Annotations

Branches:
Dungeon (9/15)             Temple (0/1) D:5
   Lair: D:8-11         Orc: D:9-12

Altars:
Ashenzari
Cheibriados
Elyvilon
Gozag
Makhleb
Nemelex Xobeh
Okawaru
Qazlal
Ru
Trog
Uskayaw
Vehumet
Xom

Shops:
D:7 :

Annotations:
D:9 1 runed translucent door, Erica


Innate Abilities, Weirdness & Mutations

You are very small and have problems with some larger weapons.
You are too small for most types of armour.
You have supernaturally acute eyesight. (SInv)
You cover ground extremely quickly. (Speed+++)


Message History

You shoot an arrow. The arrow hits Erica!
Erica is lightly wounded.
You shoot an arrow. The arrow hits Erica.
Erica is lightly wounded.
You shoot an arrow. The arrow hits Erica!
Erica is moderately wounded.
You shoot an arrow. The arrow closely misses Erica.
You shoot an arrow. The arrow closely misses Erica.
You shoot an arrow. The arrow completely misses Erica.
You shoot an arrow. The arrow hits Erica.
Erica is moderately wounded.
You shoot an arrow. The arrow hits Erica.
Erica is moderately wounded.
You shoot an arrow. The arrow hits Erica!
Erica is heavily wounded.
Erica hits you with a +3 scimitar of flaming!
Erica burns you.
You shoot an arrow. The arrow completely misses Erica.
Erica completely misses you.
You shoot an arrow. The arrow hits Erica.
Erica is heavily wounded.
Erica hits you with a +3 scimitar of flaming!
Erica burns you.
You shoot an arrow. The arrow hits Erica!
Erica is severely wounded.
You shoot an arrow. The arrow hits Erica.
Erica is almost dead.
Erica gestures at you while chanting. The lance of force hits you!!
* * * LOW HITPOINT WARNING * * *
You are too injured to fight recklessly!
You are too injured to fight recklessly!
You are too injured to fight recklessly!
Fire: a) +1 shortbow
Press: ? - help, Q - select action, (/) - cycle Shift-Dir - straight line, f/p - Erica
Aim: Erica, wielding a +3 scimitar of flaming and wearing a +0 robe (almost dead, slightly transparent, 74% to hit)
You shoot an arrow. The arrow hits Erica.
Erica is almost dead.
Erica hits you with a +3 scimitar of flaming!!
You die...

####### #.....# # #.....# #
#.....# # #############
####.....####
#...........#########...........#
..####.####....@@...'............
#8.8#############............
##'##...## ####.....##..
#.#..⌠..#### #.....####
##.##...###.## ########..
#+##...##'###...# #.#
##....@....###._.# #.#
#..###'###†.#'†..##### #..
..###...###..##.##...## ###


You could see Erica (invisible).

Vanquished Creatures
  2 hornets (D:9)
  2 wraiths (D:9)
  2 wyverns
  A shadow (D:8)
  A yak (D:9)
  A steam dragon (D:8)
  3 water moccasins
  A sky beast (D:7)
  An ice beast (D:7)
  2 orc warriors (D:8)
  A centaur (D:7)
  An ogre (D:2)
  3 kobold brigands
  2 bullfrogs
  A gnoll sergeant (D:6)
  2 necrophages (D:6)
  A scorpion (D:6)
  4 wights (D:8)
  4 killer bees (D:9)
  4 howler monkeys
  6 hounds
  4 orc priests
  A jelly (D:5)
  11 orc wizards
  6 iguanas
  11 gnolls
  5 adders
  3 shadow imps
  3 white imps
  An ufetubus (D:3)
  3 worms
  4 dart slugs
  19 orcs
  8 ball pythons
  19 bats
  8 endoplasms
  10 giant cockroaches
  8 goblins
  15 hobgoblins
  13 jackals
  3 quokkas
  4 frilled lizards
  23 kobolds
  10 rats
237 creatures vanquished.

Vanquished Creatures (others)
  2 adders (D:3)
  A goblin (D:3)
  A rat (D:3)
  7 demonic plants (D:1)
  3 fungi (D:1)
  6 plants (D:1)
  3 withered plants (D:1)
23 creatures vanquished.

Grand Total: 260 creatures vanquished

Notes
Turn   | Place    | Note
-------+----------+-------------------------------------------
     0 | D:1      | warriortoast the Spriggan Hunter began the quest for the
                  | Orb.
     0 | D:1      | Reached XP level 1. HP: 10/10 MP: 2/2
    51 | D:1      | Reached XP level 2. HP: 15/15 MP: 3/3
   175 | D:1      | Reached XP level 3. HP: 18/18 MP: 4/4
   233 | D:1      | Found a faded altar of an unknown god.
   564 | D:1      | Reached XP level 4. HP: 23/23 MP: 5/5
   993 | D:2      | Reached skill level 5 in Ranged Weapons
  1429 | D:3      | Noticed an ogre
  1449 | D:2      | Killed an ogre
  1450 | D:2      | Reached XP level 5. HP: 28/28 MP: 6/6
  1513 | D:3      | You fall into a shaft and drop 2 floors!
  1513 | D:5      | Entered Level 5 of the Dungeon
  1517 | D:5      | Found a white marble altar of Elyvilon.
  1532 | D:5      | Noticed a centaur
  1557 | D:5      | Found a broken altar of Ashenzari.
  1693 | D:3      | Found a shimmering altar of Xom.
  2339 | D:3      | Reached XP level 6. HP: 21/33 MP: 7/7
  2884 | D:4      | Found an iron altar of Okawaru.
  3051 | D:4      | Became a worshipper of Warmaster Okawaru
  3118 | D:4      | Reached XP level 7. HP: 38/38 MP: 8/8
  3334 | D:5      | Reached skill level 2 in Stealth
  3495 | D:5      | Found a staircase to the Ecumenical Temple.
  3502 | D:5      | Reached skill level 3 in Stealth
  4154 | D:6      | Reached skill level 5 in Fighting
  4399 | D:6      | Reached skill level 4 in Stealth
  4454 | D:6      | Reached * piety under Okawaru
  4640 | D:6      | Reached skill level 1 in Invocations
  4640 | D:6      | Reached XP level 8. HP: 43/43 MP: 9/9
  4642 | D:6      | Found a burning altar of Makhleb.
  4658 | D:6      | Found a stormy altar of Qazlal.
  4671 | D:6      | Found a hide-covered altar of Uskayaw.
  4671 | D:6      | Found a sacrificial altar of Ru.
  4723 | D:6      | Reached skill level 5 in Stealth
  5219 | D:7      | Found a radiant altar of Vehumet.
  5452 | D:7      | Reached skill level 6 in Stealth
  5776 | D:7      | Reached ** piety under Okawaru
  6239 | D:7      | Reached skill level 7 in Stealth
  6393 | D:7      | Found a snail-covered altar of Cheibriados.
  6402 | D:7      | Identified the amulet "Hoyd" {Regen+ Str+4 Dex-2 Slay+3}
  6519 | D:7      | Found Kuemi's Book Boutique.
  6834 | D:7      | Reached XP level 9. HP: 43/48 MP: 12/12
  7256 | D:8      | Identified the ring "Ejaxah" {Str+6 Dex+4}
  7298 | D:8      | Reached skill level 8 in Stealth
  7304 | D:8      | Reached *** piety under Okawaru
  7819 | D:8      | Reached skill level 9 in Stealth
  8152 | D:9      | Reached skill level 5 in Invocations
  8201 | D:9      | Found a bloodstained altar of Trog.
  8603 | D:9      | Reached skill level 10 in Stealth
  8680 | D:9      | Noticed a troll
  8704 | D:9      | Reached **** piety under Okawaru
  8705 | D:9      | Reached XP level 10. HP: 32/55 MP: 15/15
  8826 | D:9      | Found a runed translucent door.
  8880 | D:9      | Found a broken altar of Ashenzari.
  8889 | D:9      | Found a sparkling altar of Nemelex Xobeh.
  8897 | D:9      | Found an opulent altar of Gozag.
  8901 | D:9      | Found an iron altar of Okawaru.
  8985 | D:9      | Noticed Erica
  9030 | D:9      | Demolished by Erica

Illustrated notes

Levels and vault maps discovered:
D:1:      dpeg_arrival_pits, layout_loops_ring, shapermc_ecumenical_altar_gd
D:2:      layout_basic, st_stairs_2, chequers_mini_garden
D:3:      layout_basic, xom_confusion_cloud
D:4:      layout_basic, kennysheep_okawaru_gauntlet,
          minmay_misc_feat_four_crosses
D:5:      layout_basic, elyvilon_altar_1, mainiacjoe_overflow_six_doors_small,
          minmay_temple_entry_proselytizer, portal_sewer_entry_b
D:6:      layout_rooms, mainiacjoe_overflow_catwalk,
          gammafunk_temple_overflow_forgotten, minmay_misc_feat_more_columns
D:7:      layout_basic, mainiacjoe_overflow_concentric_impassable,
          kennysheep_slug_shrine, serial_shops, nicolae_diamond_shop
D:8:      layout_loops_corners, serial_glass, glass_columns_a, glass_columns_a,
          due_unseen_surprise, minmay_strange_pillars
D:9:      due_megacathedral, layout_basic, trog_three_pillars_becter,
          serial_glass, glass_columns_c, glass_columns_b, grunt_tough_drop,
          uniq_erica

Skill      XL: |  1  2  3  4  5  6  7  8  9 10 |
---------------+-------------------------------+-----
Fighting       | 2 3 4 5 6 7 |  7.2
Ranged Weapons | 5 6 7 8 9 |  9.4
Stealth        | 4 7 10 | 10.0
Invocations    | 1 3 5 |  5.7
Dodging        | 3 |  3.6

Action                     |  1- 3 |  4- 6 |  7- 9 | 10-12 || total
---------------------------+-------+-------+-------+-------++-------
   Fire: Shortbow          |   109 |   258 |   450 |    70 ||   887
 Invoke: Heroism           |       |       |       |     3 ||     3
    Use: Scroll            |       |     4 |     5 |       ||     9
 Armour: Robe              |     8 |    12 |     6 |     2 ||    28
  Dodge: Dodged            |    64 |   116 |    98 |    55 ||   333
  Block: Other             |       |       |     4 |       ||     4
         Reflection        |       |       |     1 |       ||     1

Table legend: (Time is in decaauts)
 A = Elapsed time spent in this place.
 B = Non-inter-level travel time spent in this place.
 C = Inter-level travel time spent in this place.
 D = Time resting spent in this place.
 E = Time spent auto-exploring this place.
 F = Levels seen in this place.
 G = Mean time per level.
                   A        B        C        D        E       F      G
               +--------+--------+--------+--------+--------+-----+--------+
         Total |   6737 |   6463 |    274 |   1443 |   3192 |   9 |  748.6 |
       Dungeon |   6737 |   6463 |    274 |   1443 |   3192 |   9 |  748.6 |
               +--------+--------+--------+--------+--------+-----+--------+

Top non-repeatable levels by time:
     D:7: 1203 daAuts
     D:5: 949 daAuts
     D:8: 796 daAuts
     D:9: 777 daAuts
     D:6: 729 daAuts
     D:3: 691 daAuts
     D:1: 632 daAuts
     D:4: 577 daAuts
     D:2: 379 daAuts
